AoeStats
← martin108

Arena

508662340Analyzed
3v3 RM · 10d ago on Sep 23, 2026· 42m 8s· 6 players
Game mode
Random Map
Map size
Normal (6 player)
Population
200
Speed
Normal
Resources
Standard
Victory
Conquest
Starting age
Dark Age
Ending age
Imperial Age
RankedLock teamsTeams togetherTeam positionsShared explorationLock speedFull tech treeHidden civsTurbo modeCheats
Victory
Defeat
🇰🇷 Celts · South Korea
937
+14
🇪🇪 Ethiopians · Estonia
932
+14
🇰🇷 Vikings · South Korea
809
+19
🇩🇰 Bohemians · Denmark
913
-17
🇮🇹 Poles · Italy
880
-15
🇬🇧 Vietnamese · United Kingdom
875
-15
悟 GOKU 悟
0:45 Loom
12:47 Feudal Age
18:11 Castle Age
16:49 Double-Bit Axe
17:40 Fletching
18:20 Gold Mining
19:16 Stone Mining
19:51 Horse Collar
22:14 Padded Archer Armor
23:11 Crossbowman
24:40 Bow Saw
28:05 Wheelbarrow
28:36 Heavy Plow
29:14 Stone Shaft Mining
32:11 Chatras
33:27 Bloodlines
38:00 Imperial Age
37:02 Hand Cart
36:19 Elite Skirmisher
40:17 Chemistry
38:59 Treadmill Crane
39:38 Bodkin Arrow
41:25 Bracer
40:59 Light Cavalry
Findussen
10:45 Feudal Age
Garzillo
0:28 Loom
12:18 Feudal Age
12:52 Double-Bit Axe
12:50 Horse Collar
20:59 Castle Age
19:50 Bloodlines
22:39 Wheelbarrow
23:33 Husbandry
22:57 Light Cavalry
25:20 Heavy Plow
26:49 Hand Cart
28:26 Bow Saw
28:48 Gold Mining
30:08 Scale Barding Armor
30:14 Forging
30:06 Padded Archer Armor
29:58 Fletching
33:04 Thumb Ring
40:33 Imperial Age
Mask
11:31 Feudal Age
16:34 Castle Age
14:38 Double-Bit Axe
23:43 Horse Collar
27:55 Bow Saw
29:01 Heavy Plow
30:42 Chieftains
34:37 Imperial Age
33:12 Forging
33:02 Scale Mail Armor
33:19 Caravan
34:42 Capped Ram
36:43 Conscription
36:25 Bogsveigar
37:53 Iron Casting
37:33 Chain Mail Armor
37:41 Elite Berserk
39:34 Blast Furnace
38:50 Chain Mail Armor
40:38 Siege Ram
42:02 Gold Mining
42:03 Stone Mining
42:39 Chain Mail Armor
martin108
5:47 Loom
13:40 Feudal Age
14:22 Double-Bit Axe
14:20 Horse Collar
20:13 Castle Age
19:51 Stone Mining
19:54 Gold Mining
21:31 Bow Saw
21:24 Heavy Plow
23:12 Wheelbarrow
25:23 Caravan
26:11 Padded Archer Armor
26:02 Fletching
26:19 Elite Skirmisher
28:09 Bodkin Arrow
29:24 Leather Archer Armor
32:28 Ballistics
33:11 Scale Mail Armor
33:22 Forging
33:34 Fortified Wall
37:18 Iron Casting
36:59 Chain Mail Armor
37:03 Hand Cart
36:35 Town Watch
37:49 Squires
37:35 Arson
44:07 Imperial Age
41:56 Masonry
42:13 Royal Heirs
wook12220
0:28 Loom
10:41 Feudal Age
12:11 Wheelbarrow
11:24 Double-Bit Axe
17:52 Castle Age
16:44 Horse Collar
16:57 Gold Mining
18:28 Stone Mining
19:52 Bow Saw
19:57 Heavy Plow
29:52 Hand Cart
30:18 Town Watch
34:34 Imperial Age
32:47 Stone Shaft Mining
32:35 Ballistics
32:27 Masonry
33:19 Caravan
34:26 Town Patrol
34:26 Murder Holes
34:42 Fortified Wall
35:32 Siege Engineers
35:56 Capped Ram
35:57 Heavy Scorpion
36:16 Pikeman
37:40 Furor Celtica
37:51 Conscription
37:08 Siege Ram
37:54 Arson
38:32 Halberdier
41:27 Gold Shaft Mining
41:07 Forging
40:57 Scale Mail Armor
40:47 Fletching
40:57 Padded Archer Armor
40:44 Arrowslits
40:49 Guard Tower
40:50 Heated Shot
42:01 Chemistry
41:12 Clinker Construction
41:13 Careening
41:11 Scale Barding Armor
41:00 Stronghold
41:45 Hoardings
Connection lost

Rejoining the realm…

Still unreachable

The connection could not be restored.

Session expired

The server has moved on; the page needs a fresh start.